AoeStats
← BOT Samel

Arabia

509974669Analyzed
1v1 RM · 4d ago on Sep 28, 2026· 58m 2s· 2 players
Game mode
Random Map
Map size
Tiny (2 player)
Population
200
Speed
Normal
Resources
Standard
Victory
Conquest
Starting age
Dark Age
Ending age
Imperial Age
RankedLock teamsTeams togetherTeam positionsShared explorationLock speedFull tech treeHidden civsTurbo modeCheats
Victory
Defeat
🇮🇳 Dravidians · India
1050
+19
🇦🇷 Franks · Argentina
1105
-19
BOT Samel
8:01 Loom
10:10 Feudal Age
10:47 Double-Bit Axe
10:44 Horse Collar
13:50 Gold Mining
19:56 Castle Age
18:59 Stone Mining
19:40 Scale Mail Armor
19:07 Man-at-Arms
20:21 Pikeman
21:01 Squires
22:48 Bow Saw
23:24 Town Watch
27:43 Heavy Plow
28:39 Wheelbarrow
32:41 Imperial Age
31:42 Forging
32:05 Chain Mail Armor
31:16 Long Swordsman
31:48 Arson
32:48 Gambesons
34:13 Conscription
34:55 Plate Mail Armor
34:34 Halberdier
35:05 Two-Handed Swordsman
36:46 Sanctity
37:08 Iron Casting
37:28 Hand Cart
37:14 Town Patrol
39:27 Blast Furnace
40:05 Two-Man Saw
41:08 Champion
43:14 Masonry
44:51 Chemistry
44:12 Ballistics
45:38 Padded Archer Armor
47:13 Hoardings
48:16 Elite Elephant Archer
48:49 Fletching
50:35 Bodkin Arrow
50:56 Leather Archer Armor
51:58 Scale Barding Armor
51:17 Light Cavalry
51:58 Husbandry
53:44 Chain Barding Armor
53:49 Bracer
55:14 Wootz Steel
Racing corazon
5:21 Loom
9:40 Feudal Age
10:35 Double-Bit Axe
19:27 Castle Age
19:35 Wheelbarrow
18:47 Town Watch
19:22 Gold Mining
19:22 Stone Mining
20:36 Bow Saw
26:57 Hand Cart
28:59 Gold Shaft Mining
31:46 Imperial Age
30:51 Town Patrol
33:15 Husbandry
32:35 Cavalier
35:51 Scale Barding Armor
35:57 Forging
35:52 Elite Throwing Axeman
35:53 Ordonnance Companies
38:34 Chain Barding Armor
38:50 Iron Casting
38:03 Ordonnance Companies
38:45 Chivalry
53:21 Light Cavalry
Connection lost

Rejoining the realm…

Still unreachable

The connection could not be restored.

Session expired

The server has moved on; the page needs a fresh start.